 Dungeon Crawl Stone Soup version 0.21.1-1-g345015f (webtiles) character file.

20199 homeworkjunkie the Severer (level 12, -6/106 HPs)
             Began as a Hill Orc Fighter on Mar 9, 2018.
             Was a High Priest of Okawaru.
             Killed from afar by an ice dragon (18 damage)
             ... with a blast of cold
             ... in an ice cave.
             The game lasted 00:26:34 (14513 turns).

homeworkjunkie the Severer (Hill Orc Fighter)      Turns: 14513, Time: 00:26:35

Health: -6/106     AC: 17    Str: 27    XL:     12   Next: 77%
Magic:  16/16      EV: 11    Int:  8    God:    Okawaru [*****.]
Gold:   456        SH: 13    Dex: 14    Spells: 11/11 levels left

rFire    . . .     SeeInvis +   a - +2 war axe (flame)
rCold    . . .     Gourm    .   c - +0 shield
rNeg     . . .     Faith    .   b - +5 scale mail
rPois    .         Spirit   .   (no helmet)
rElec    .         Reflect  .   m - +2 cloak
rCorr    .         Harm     .   (no gloves)
MR       .....                  (no boots)
Stlth    +.........             (no amulet)
HPRegen  0.27/turn              v - ring of Udyl {Str+4 SInv}
MPRegen  0.15/turn              z - +3 ring of dexterity

@: very slightly contaminated, invisible
A: no striking features
a: Heroism, Finesse, Renounce Religion


You were in an ice cave.
You worshipped Okawaru.
Okawaru was extremely pleased with you.
You were full.

You visited 2 branches of the dungeon, and saw 14 of its levels.
You also visited: Ice Cave.

You collected 880 gold pieces.
You spent 424 gold pieces at shops.

Inventory:

Hand Weapons
 a - a +2 war axe of flaming (weapon)
Armour
 b - a +5 scale mail (worn)
 c - a +0 shield (worn)
 m - a +2 cloak (worn)
 u - +0 acid dragon scales
Jewellery
 t - an uncursed ring of ice
 v - the ring of Udyl (left hand) {Str+4 SInv}
   (You bought it in a shop on level 9 of the Dungeon)

   [ring of see invisible]

   It affects your strength (+4).
   It lets you see invisible.
 z - a +3 ring of dexterity (right hand)
Wands
 i - a wand of flame (26)
 o - a wand of paralysis (3)
 w - a wand of iceblast (17)
 y - a wand of clouds (6)
 A - a wand of enslavement (8)
Scrolls
 d - 2 scrolls of immolation
 e - 14 scrolls of remove curse
 h - 7 scrolls of identify
 j - 4 scrolls of fear
 l - a scroll of teleportation
 q - a scroll of fog
Potions
 g - 4 potions of agility
 k - 2 potions of flight
 s - a potion of cancellation
 x - a potion of resistance
Comestibles
 f - 9 rations


   Skills:
 * Level 10.2 Fighting
 * Level 15.5 Axes
 * Level 9.5 Armour
 + Level 3.4 Dodging
 + Level 3.0 Stealth
 * Level 10.4 Shields
 * Level 6.1 Evocations


You had 11 spell levels left.
You didn't know any spells.

Dungeon Overview and Level Annotations

Branches:
Dungeon (13/15)            Temple (1/1) D:5            Lair (0/6) D:10
    Orc (0/2) D:10
 Vaults: D:13-14

Altars:
Ashenzari
Cheibriados
Dithmenos
Elyvilon
Fedhas
Gozag
Hepliaklqana
Kikubaaqudgha
Makhleb
Nemelex Xobeh
Okawaru
Qazlal
Ru
Sif Muna
Trog
Uskayaw
Vehumet
Wu Jian
Xom
Yredelemnul
Zin
The Shining One

Shops:
D:4 [   D:8 *   D:9 *=   D:10 *!=   D:11 =%}*


Message History

The ice dragon claws you but does no damage.
The ice dragon tramples you!
* * * LOW HITPOINT WARNING * * *
You stumble backwards!
You completely miss the ice dragon. You block the ice dragon's attack.
The ice dragon barely misses you. You block the ice dragon's attack.
You fade into invisibility!
The ice dragon bites you!
* * * LOW HITPOINT WARNING * * *
The ice dragon claws you but does no damage.
You block the ice dragon's attack.
You are very lightly contaminated with residual magic.
You slash the ice dragon! You burn the ice dragon!
The ice dragon is moderately wounded.
You catch the helpless ice dragon completely off-guard!
You slice the ice dragon!! You burn the ice dragon.
The ice dragon is heavily wounded.
The ice dragon breathes frost at you. The blast of cold hits you!
You die...

###..##
##.#
#...##
##..#
###.###
#..##
##.#..#
##..#
#..##.##
##.#
#...#..#
#.#.
##.#...##
##.#
#..#####
#..#
#@..#
##.##
#.D##
#..# #.##
#.## #..
#..##
#...
#.#.#
##.D.
##.##
.... #.##
.....
##.#
#...$$
#..##


You could see 2 ice dragons.

Vanquished Creatures
  2 hydras
  A death knight (D:13)
  3 two-headed ogres
  The ghost of hadoken the Carver, a novice BaFi of Cheibriados (D:8)
  3 skeletal warriors
  An unseen horror (D:11)
  2 ugly things
  Joseph (D:10)
  A gargoyle (D:10)
  2 ice statues (IceCv)
  The ghost of Mirai the Chopper, a novice HuFi of Elyvilon (D:4)
  2 rime drakes (IceCv)
  4 hippogriffs
  A wyvern (D:11)
  2 hungry ghosts
  8 yaks
  3 vampire mosquitoes (D:11)
  A basilisk (D:11)
  Edmund (D:5)
  An acid dragon (D:11)
  A warg (D:10)
  A water moccasin (D:8)
  2 hell hounds (D:10)
  2 black bears
  A phantom (D:4)
  6 orc warriors
  An eye of draining (D:10)
  2 sky beasts
  A necrophage (D:12)
  24 ice beasts
  6 ogres
  3 centaurs
  3 big kobolds
  8 bullfrogs
  4 scorpions
  3 killer bees (D:7)
  5 wights (D:11)
  5 electric eels (D:12)
  7 howler monkeys
  A bullfrog zombie (D:9)
  A crimson imp (D:5)
  5 hounds
  5 jellies
  2 bullfrog skeletons
  5 orc priests
  3 quasits
  Crazy Yiuf (D:3)
  3 centaur skeletons
  4 orc wizards
  Ijyb (D:3)
  3 iguanas
  7 worker ants
  A hound skeleton (D:8)
  2 worker ant zombies
  6 gnolls (D:8)
  11 adders
  A howler monkey skeleton (D:8)
  4 shadow imps
  An ooze (D:1)
  An adder skeleton (D:8)
  A worm (D:2)
  6 dart slugs
  6 leopard geckos
  33 orcs
  5 bats
  4 giant cockroaches
  12 goblins
  6 hobgoblins
  14 jackals
  2 quokkas
  2 ball pythons
  5 frilled lizards
  A giant cockroach zombie (D:6)
  18 kobolds
  6 rats
315 creatures vanquished.

Notes
Turn   | Place    | Note
-------+----------+-------------------------------------------
     0 | D:1      | homeworkjunkie the Hill Orc Fighter began the quest for the Orb.
     0 | D:1      | Reached XP level 1. HP: 19/19 MP: 1/1
    64 | D:2      | Reached skill level 3 in Axes
    64 | D:2      | Reached XP level 2. HP: 27/27 MP: 2/2
   276 | D:3      | Reached XP level 3. HP: 30/33 MP: 3/3
   518 | D:1      | Reached skill level 4 in Axes
   530 | D:1      | Found a snail-covered altar of Cheibriados.
   685 | D:1      | Reached XP level 4. HP: 40/40 MP: 4/4
  1200 | D:3      | Noticed Ijyb
  1203 | D:3      | Paralysed by Ijyb for 2 turns
  1212 | D:3      | Paralysed by Ijyb for 4 turns
  1230 | D:3      | Killed Ijyb
  1363 | D:3      | Reached XP level 5. HP: 46/46 MP: 5/5
  1557 | D:4      | Noticed a phantom
  1582 | D:4      | Killed a phantom
  1582 | D:4      | Reached skill level 5 in Axes
  1636 | D:3      | Found a hazy altar of Hepliaklqana.
  1699 | D:3      | Reached XP level 6. HP: 50/53 MP: 6/6
  1817 | D:3      | Found a runed door.
  1821 | D:3      | Noticed Crazy Yiuf
  1830 | D:3      | Paralysed by Crazy Yiuf for 2 turns
  1833 | D:3      | Killed Crazy Yiuf
  1833 | D:3      | Reached skill level 1 in Dodging
  2061 | D:5      | Entered Level 5 of the Dungeon
  2089 | D:4      | Reached skill level 6 in Axes
  2496 | D:5      | Reached XP level 7. HP: 55/60 MP: 7/7
  2729 | D:5      | Noticed Edmund
  2747 | D:5      | Killed Edmund
  2747 | D:5      | Reached skill level 5 in Fighting
  2972 | D:4      | Found Akuheg's Antique Armour Emporium.
  3000 | D:4      | Noticed Mirai's ghost (novice HuFi)
  3019 | D:4      | Killed Mirai's ghost
  3019 | D:4      | Reached skill level 7 in Axes
  3019 | D:4      | Reached skill level 5 in Shields
  3019 | D:4      | Reached XP level 8. HP: 44/69 MP: 8/8
  3112 | D:4      | Reached skill level 8 in Axes
  3315 | D:5      | Reached skill level 5 in Armour
  3547 | D:5      | Found a staircase to the Ecumenical Temple.
  3555 | D:5      | Found a shattered altar of Ashenzari.
  3621 | Temple   | Entered the Ecumenical Temple
  3928 | D:5      | Reached skill level 9 in Axes
  3981 | D:5      | Found a shadowy altar of Dithmenos.
  4084 | D:5      | Found an opulent altar of Gozag.
  4121 | D:6      | Reached skill level 1 in Stealth
  4469 | D:7      | Noticed a hippogriff
  4475 | D:7      | Killed a hippogriff
  4475 | D:7      | Reached skill level 1 in Evocations
  4617 | D:6      | Reached XP level 9. HP: 75/75 MP: 10/10
  4738 | D:6      | Found a sparkling altar of Nemelex Xobeh.
  4942 | D:6      | Reached skill level 10 in Axes
  6256 | D:8      | Found an ornate altar of the Wu Jian Council.
  6289 | D:8      | Noticed hadoken's ghost (novice BaFi)
  6331 | D:8      | Killed hadoken's ghost
  6336 | D:8      | Reached skill level 11 in Axes
  6737 | D:8      | Reached XP level 10. HP: 82/86 MP: 12/12
  6818 | D:8      | Found a burning altar of Makhleb.
  6818 | D:8      | Found a shadowy altar of Dithmenos.
  6819 | D:8      | Found an iron altar of Okawaru.
  6829 | D:8      | Found a hide-covered altar of Uskayaw.
  6934 | D:8      | Became a worshipper of Warmaster Okawaru
  7031 | D:8      | Found Qodihoe's Sacrilege Store.
  7031 | D:8      | Found a burning altar of Makhleb.
  7414 | D:8      | Noticed a two-headed ogre
  7426 | D:8      | Killed a two-headed ogre
  7426 | D:8      | Reached * piety under Okawaru
  7426 | D:8      | Reached skill level 12 in Axes
  7767 | D:9      | Reached ** piety under Okawaru
  7808 | D:9      | Found Puffau Fyro's Jewellery Emporium.
  7822 | D:9      | Bought the ring of Udyl {Str+4 SInv} for 304 gold pieces
  7866 | D:9      | Found Xemogoum's Assorted Antiques.
  7872 | D:9      | Bought a potion of heal wounds for 120 gold pieces
  8015 | D:10     | Entered Level 10 of the Dungeon
  8031 | D:10     | Noticed Joseph
  8273 | D:10     | Noticed a gargoyle
  8286 | D:10     | Killed a gargoyle
  8426 | D:10     | Killed Joseph
  8465 | D:10     | Found Leleh's Jewellery Shoppe.
  8505 | D:10     | Reached *** piety under Okawaru
  8556 | D:10     | Reached skill level 13 in Axes
  8597 | D:10     | Reached XP level 11. HP: 52/94 MP: 14/14
  8612 | D:10     | Found a staircase to the Orcish Mines.
  8973 | D:10     | Found Diyshaz's General Store.
  8986 | D:10     | Found a staircase to the Lair.
  8986 | D:10     | Noticed a two-headed ogre
  9159 | D:10     | Found Ephihin's Distillery.
  9481 | D:10     | Killed a two-headed ogre
  9558 | D:11     | Found Ulass's Assorted Antiques.
  9567 | D:11     | Reached **** piety under Okawaru
  9857 | D:11     | Noticed a four-headed hydra
  9875 | D:11     | Killed a one-headed hydra
  9875 | D:11     | Reached skill level 14 in Axes
  9907 | D:11     | Reached skill level 5 in Evocations
 10042 | D:11     | Found Figair's Gadget Shoppe.
 10095 | D:11     | Found Siliwk's Food Boutique.
 10138 | D:11     | Found Okif's Jewellery Emporium.
 10167 | D:12     | Noticed a skeletal warrior
 10168 | D:12     | Noticed a skeletal warrior
 10169 | D:12     | Noticed a skeletal warrior
 10187 | D:12     | Noticed a two-headed ogre
 10207 | D:11     | Reached ***** piety under Okawaru
 10416 | D:11     | Killed a skeletal warrior
 10938 | D:10     | Killed a two-headed ogre
 10947 | D:10     | Killed a skeletal warrior
 10947 | D:10     | Reached XP level 12. HP: 25/105 MP: 14/16
 11287 | D:11     | Received a gift from Okawaru
 12117 | D:12     | Noticed a four-headed hydra
 12126 | D:12     | Killed a one-headed hydra
 13200 | D:13     | Reached skill level 10 in Shields
 13202 | D:13     | Reached skill level 15 in Axes
 13205 | D:13     | Found a frozen archway.
 13208 | D:13     | Noticed a death knight
 13211 | D:13     | Received a gift from Okawaru
 13224 | D:13     | Killed a death knight
 13224 | D:13     | Reached skill level 10 in Fighting
 13230 | IceCv    | Entered an ice cave
 14499 | IceCv    | Noticed an ice dragon
 14500 | IceCv    | Noticed an ice dragon
 14513 | IceCv    | Killed from afar by an ice dragon

Skill      XL: |  1  2  3  4  5  6  7  8  9 10 11 12 |
---------------+-------------------------------------+-----
Axes           | 3 4 5 6 7 9 11 13 14 15 | 15.5
Fighting       | 4 5 6 7 9 10 | 10.2
Shields        | 4 5 6 7 8 9 10 | 10.4
Armour         | 4 5 6 7 8 9 |  9.5
Dodging        | 1 2 3 |  3.4
Stealth        | 1 2 3 |  3.0
Evocations     | 1 2 4 5 6 |  6.1

Action                   |  1- 3 |  4- 6 |  7- 9 | 10-12 || total
-------------------------+-------+-------+-------+-------++-------
Melee: War axe           |   115 |   199 |   251 |   595 ||  1160
Evoke: Wand              |       |       |    14 |    13 ||    27
  Use: Scroll            |     7 |     6 |     6 |     9 ||    28
       Potion            |     1 |     3 |     5 |    10 ||    19
 Stab: Paralysed         |       |       |     9 |    13 ||    22
       Invisible         |       |       |       |     1 ||     1
  Eat: Ration            |     2 |     1 |     4 |     9 ||    16
Armor: Scale mail        |    71 |   101 |    95 |   170 ||   437
Dodge: Dodged            |    48 |    67 |    67 |   180 ||   362
Block: Shield            |    75 |   132 |   122 |   296 ||   625
